 Dungeon Crawl Stone Soup version 0.30-a0-930-gb9d0489357 (webtiles) character file.

Game seed: 5927842797249622768

781 sanka the Magician (level 7, -2/44 HPs)
             Began as a Gargoyle Cinder Acolyte on Mar 23, 2023.
             Was a High Priest of Ignis.
             Slain by an orc warrior
             ... wielding a +0 mace
              (9 damage)
             ... on level 6 of the Dungeon.
             The game lasted 00:08:00 (5685 turns).

sanka the Magician (Gargoyle Cinder Acolyte)        Turns: 5685, Time: 00:08:00

Health: -2/44      AC:  8    Str: 17    XL:     7   Next: 85%
Magic:  1/16       EV: 13    Int: 15    God:    Ignis [*****.]
Gold:   315        SH:  5    Dex: 15    Spells: 16/18 levels left

rFire   + . .      SeeInvis .    t - +1 trident (flame)
rCold   + . .      Faith    .    (no shield)
rNeg    + . .      Spirit   .    J - +0 robe "Joho" {rElec rPois Dex+2}
rPois   ∞          Reflect  +    o - +0 helmet
rElec   +          Rampage  .    (no cloak)
rCorr   .                        h - +0 pair of gloves
Will    .....                    (no boots)
Stlth   +                        c - amulet of reflection
HPRegen 0.27/turn                A - ring of protection from cold
MPRegen 0.15/turn                I - +6 ring of dexterity

@: no status effects
A: sickness immunity, AC +4, negative energy resistance 1, electricity
resistance, torment resistance 1, petrification resistance
a: Renounce Religion, Fiery Armour, Foxfire Swarm, Rising Flame


You were on level 6 of the Dungeon.
You worshipped Ignis.
Ignis was extremely pleased with you.
You visited 1 branch of the dungeon, and saw 6 of its levels.

You collected 315 gold pieces.


Innate Abilities, Weirdness & Mutations

You are immune to sickness and miasma.
Your stone body is resilient. (AC +4)
You are immune to poison.
You resist negative energy. (rN+)
You are resistant to electric shocks. (rElec)
You are resistant to unholy torment.
You are immune to petrification.


   Skills:
 + Level 5.3 Fighting
 - Level 3.0 Maces & Flails
 + Level 2.9 Dodging
 - Level 6.0 Spellcasting
 - Level 3.0 Fire Magic


You had 16 spell levels left.
You knew the following spells:

 Your Spells              Type           Power      Damage    Failure   Level
y - Scorch                Fire           26%        2d6       6%          2

Your spell library contained the following spells:

 Spells                   Type           Power      Damage    Failure   Level
 Slow                     Hex            16%        N/A       14%         1
 Lesser Beckoning         Tloc           8%         N/A       22%         2
 Call Canine Familiar     Summ           4%         N/A       41%         3
 Confusing Touch          Hex            4%         N/A       41%         3
 Gell's Gravitas          Tloc           4%         N/A       41%         3
 Portal Projectile        Hex/Tloc       8%         N/A       41%         3
 Teleport Other           Tloc           4%         N/A       41%         3
 Vampiric Draining        Necr           4%         2d6       41%         3
 Leda's Liquefaction      Hex/Erth       2%         N/A       82%         4
 Petrify                  Tmut/Erth      4%         N/A       82%         4
 Irradiate                Conj/Tmut      2%         3d12      99%         5
 Sublimation of Blood     Necr           Unusable   N/A       N/A         2

Inventory:

Hand Weapons
 a - a -1 mace of flaming
 b - a +0 whip of distortion
 t - a +1 trident of flaming (weapon)
 H - a +2 trident of venom
Armour
 h - a +0 pair of gloves (worn)
 o - a +0 helmet (worn)
 J - the +0 robe "Joho" (worn) {rElec rPois Dex+2}

   Dex:       It affects your dexterity (+2).
   rElec:     It insulates you from electricity.
   rPois:     It protects you from poison.
Magical Staves
 d - a staff of earth
Jewellery
 c - an amulet of reflection (around neck)
 A - a ring of protection from cold (left hand)
 B - a ring of see invisible
 C - a ring of fire
 I - a +6 ring of dexterity (right hand)
Wands
 s - a wand of flame (22)
 u - a wand of light (9)
 y - a wand of paralysis (9)
Scrolls
 f - a scroll of vulnerability {unknown}
 g - a scroll of silence {unknown}
 i - a scroll of enchant weapon {unknown}
 k - a scroll of immolation {unknown}
 l - 2 scrolls of enchant armour {unknown}
 n - 7 scrolls of identify {unknown}
 q - a scroll of teleportation {unknown}
 v - a scroll of magic mapping {unknown}
 w - a scroll of noise {unknown}
 z - a scroll of fog {unknown}
 D - a scroll of brand weapon {unknown}
 E - a scroll of amnesia {unknown}
 F - a scroll of fear {unknown}
Potions
 e - 2 potions of curing {unknown}
 j - 2 potions of flight {unknown}
 m - 2 potions of attraction {unknown}
 p - 2 potions of haste {@q3}
 r - a potion of cancellation {unknown}
 x - a potion of degeneration {unknown}
 G - 2 potions of mutation {unknown}

Dungeon Overview and Level Annotations

Branches:
Dungeon (6/15)             Temple (0/1) D:5

Altars:
Ashenzari
Kikubaaqudgha
Sif Muna

▒...▒ ▒..▒ ▒..▒
▒o.▒ ▒o(▒
▒.▒▒▒.o▒ ▒......▒
▒▒▒▒▒)▒▒▒▒▒▒▒
▒.8oSo.......
▒.▒▒▒.▒▒▒..▒▒ ..
▒.▒ ▒.▒ ▒..▒ ...
▒.▒ ▒.▒▒▒..▒▒ ▒.▒
▒.▒ ▒.. .... ...
▒.▒ ▒▒▒ ▒..▒ ▒.▒
▒.▒ ▒..▒ ▒.▒
▒.▒▒▒▒▒▒▒..▒▒▒▒.▒
▒...............▒


You could see an orc warrior, a water moccasin (combustible) and an orc.


Message History

The orc warrior hits you with a +0 mace.
* * * LOW HITPOINT WARNING * * *
You hit the orc warrior. You burn the orc warrior.
The orc warrior is lightly wounded.
The orc warrior is no longer more vulnerable to fire.
The orc warrior closely misses you.
You closely miss the orc warrior.
The orc warrior is lightly wounded.
The orc warrior barely misses you.
The orc warrior hits you with a +0 mace.
* * * LOW HITPOINT WARNING * * *
You hit the orc warrior but do no damage.
The orc warrior is lightly wounded.
The orc warrior closely misses you.
You puncture the orc warrior! You burn the orc warrior.
The orc warrior is severely wounded.
The orc warrior hits you with a +0 mace.
* * * LOW HITPOINT WARNING * * *
Flames lash the orc.
The orc is heavily wounded.
The orc's fire resistance burns away.
The orc warrior barely misses you.
You hit the orc warrior but do no damage.
The orc warrior is severely wounded.
The orc warrior hits you with a +0 mace!
* * * LOW HITPOINT WARNING * * *
The orc warrior hits you with a +0 mace!
You die...

Action                     |  1- 3 |  4- 6 |  7- 9 || total
---------------------------+-------+-------+-------++-------
  Melee: Mace              |    84 |    26 |       ||   110
         Punch             |     2 |       |       ||     2
         Trident           |       |    17 |    33 ||    50
   Cast: Scorch            |    11 |    83 |    36 ||   130
   Stab: Sleeping          |     1 |       |       ||     1
         Distracted        |       |       |     1 ||     1
 Armour: Robe              |    33 |    30 |     8 ||    71
  Dodge: Dodged            |    51 |    45 |    30 ||   126
  Block: Other             |    34 |    14 |     8 ||    56
         Reflection        |     4 |     2 |       ||     6

Levels and vault maps discovered:
D:1:      dpeg_arrival_snail, layout_basic,
          shapermc_ecumenical_altar_mp_vishouse
D:2:      layout_loops_ring, kennysheep_nub
D:3:      mumra_celtic_spiral_tile, layout_loops_ring, evilmike_ruin_ashenzari,
          nicolae_sif_muna_little_library, uniq_ijyb, uniq_robin, uniq_terence
D:4:      kennysheep_the_goblin_king, layout_basic,
          corexii_item_surrounded_by_moat
D:5:      layout_basic, nicolae_overflow_crystal_walls,
          minmay_temple_entry_offerings
D:6:      layout_loops_corners, portal_sewer_entry_d

Notes
Turn   | Place    | Note
-------+----------+-------------------------------------------
     0 | D:1      | sanka the Gargoyle Cinder Acolyte began the quest for the
                  | Orb.
     0 | D:1      | Reached XP level 1. HP: 14/14 MP: 2/2
   118 | D:1      | Reached XP level 2. HP: 19/19 MP: 4/4
   130 | D:1      | Reached skill level 2 in Spellcasting
   198 | D:1      | Learned a level 2 spell: Scorch
   651 | D:1      | Found a faded altar of an unknown god.
   825 | D:2      | Reached XP level 3. HP: 21/23 MP: 1/7
  1036 | D:2      | Reached skill level 3 in Spellcasting
  1563 | D:3      | Reached XP level 4. HP: 18/28 MP: 9/9
  1563 | D:3      | Noticed Robin
  1632 | D:3      | Killed Robin
  1933 | D:3      | Reached skill level 4 in Spellcasting
  1942 | D:3      | Reached XP level 5. HP: 17/32 MP: 1/11
  2597 | D:3      | Found a broken altar of Ashenzari.
  2709 | D:3      | Noticed Ijyb
  2714 | D:3      | Killed Ijyb
  2832 | D:3      | Noticed Terence
  2837 | D:3      | Killed Terence
  2838 | D:3      | Reached skill level 5 in Spellcasting
  3054 | D:3      | Found a shimmering blue altar of Sif Muna.
  3419 | D:4      | Reached XP level 6. HP: 36/37 MP: 9/14
  4216 | D:4      | Reached skill level 6 in Spellcasting
  4790 | D:5      | Entered Level 5 of the Dungeon
  4814 | D:5      | Reached skill level 1 in Dodging
  4814 | D:5      | Reached XP level 7. HP: 37/42 MP: 11/16
  4902 | D:5      | Reached skill level 4 in Fighting
  4948 | D:5      | Found a staircase to the Ecumenical Temple.
  5277 | D:5      | Found an ancient bone altar of Kikubaaqudgha.
  5366 | D:6      | Identified the +0 robe "Joho" {rElec rPois Dex+2}
  5424 | D:6      | Reached skill level 2 in Dodging
  5619 | D:6      | Reached skill level 5 in Fighting
  5685 | D:6      | Slain by an orc warrior

Vanquished Creatures
  A water moccasin (D:6)
  A centaur (D:5)
  A howler monkey (D:4)
  2 hounds
  2 orc priests
  Ijyb (D:3)
  A gnoll bouda (D:6)
  A sleepcap (D:6)
  3 iguanas
  Terence (D:3)
  Robin (D:3)
  5 gnolls (D:6)
  5 adders
  4 ufetubi
  3 worms
  12 orcs
  9 bats
  8 endoplasms
  A giant cockroach (D:1)
  18 goblins
  6 hobgoblins
  4 jackals (D:4)
  11 kobolds
  2 quokkas
  7 ball pythons
  3 frilled lizards (D:1)
  4 rats
117 creatures vanquished.
